 Dungeon Crawl Stone Soup version 0.30.1-3-gfc49f6343a (webtiles) character file.

Game seed: 1061037078061652267

30 bpung the Magician (level 3, 0/24 HPs)
             Began as a Demonspawn Hedge Wizard on Aug 2, 2023.
             Slain by a cerulean imp
             ... wielding a +0 spear
             ... summoned by Natasha
              (1 damage)
             ... on level 2 of the Dungeon.
             The game lasted 00:05:49 (1629 turns).

bpung the Magician (Demonspawn Hedge Wizard)        Turns: 1629, Time: 00:05:50

Health: 0/24       AC:  2    Str: 10    XL:     3   Next: 3%
Magic:  3/7        EV: 12    Int: 17    God:
Gold:   17         SH:  0    Dex: 12    Spells: 3/8 levels left

rFire   + . .        a - +0 dagger
rCold   . . .        (no shield)
rNeg    . . .        b - +0 robe
rPois   .            c - +0 hat
rElec   .            (no cloak)
rCorr   .            (no gloves)
SInv    .            (no boots)
Will    .....        (no amulet)
Stlth   ++           (no ring)
HPRegen 0.24/turn    (no ring)
MPRegen 0.10/turn

%: no passive effects
@: very slightly contaminated
A: demonic magic 1, fire resistance 1, wild magic 1, evolution 1
a: no special abilities


You were on level 2 of the Dungeon.
You visited 1 branch of the dungeon, and saw 2 of its levels.

You collected 17 gold pieces.

Inventory:

Hand Weapons
 a - a +0 dagger (weapon)
Armour
 b - a +0 robe (worn)
 c - a +0 hat (worn)
Scrolls
 e - a scroll of identify
 h - 2 scrolls of immolation {unknown}
Potions
 d - a potion of magic
 f - a potion of curing {unknown}
 i - a potion of heal wounds {unknown}


   Skills:
 + Level 2.0 Dodging
 + Level 2.0 Stealth
 * Level 3.3 Spellcasting
 + Level 1.2 Conjurations
 + Level 1.4 Summonings
 + Level 1.1 Translocations
 + Level 0.3 Ice Magic


You had 3 spell levels left.
You knew the following spells:

 Your Spells              Type           Power      Damage    Failure   Level
a - Magic Dart            Conj           36%        1d4       14%         1
b - Slow                  Hex            12%        N/A       24%         1
c - Call Imp              Summ           18%        N/A       21%         2
d - Freeze                Ice            16%        1d4       22%         1

Your spell library contained the following spells:

 Spells                   Type           Power      Damage    Failure   Level
 Blink                    Tloc           16%        N/A       22%         2
 Cigotuvi's Dreadful Rot  Necr/Pois/Air  6%         N/A       34%         2
 Passwall                 Tmut/Erth      2%         N/A       34%         2
 Mephitic Cloud           Conj/Pois/Air  5%         N/A       47%         3
 Petrify                  Tmut/Erth      3%         N/A       90%         4


Dungeon Overview and Level Annotations

Branches:
Dungeon (2/15)

Altars:

Annotations:
D:2 Natasha


Innate Abilities, Weirdness & Mutations

Spells you cast may paralyse adjacent enemies.
Your flesh is heat resistant. (rF+)
Your spells are a little harder to cast, but a little more powerful.
You have hidden genetic potential.


Message History

Casting: Magic Dart (safe; 14% risk of failure)
Confirm with . or Enter, or press ? or * to list all spells.
Aiming: Magic Dart (safe; 14% risk of failure)
Press: ? - help, Shift-Dir - straight line, f/p - hobgoblin
Aim: a hobgoblin (severely wounded, paralysed, 100% to hit)
You miscast Magic Dart.
You are very lightly contaminated with residual magic.
Nothing appears to happen.
The cerulean imp misses you. Natasha misses you.
Casting: Magic Dart (safe; 14% risk of failure)
Confirm with . or Enter, or press ? or * to list all spells.
Aiming: Magic Dart (safe; 14% risk of failure)
Press: ? - help, Shift-Dir - straight line, f/p - hobgoblin
Aim: a hobgoblin (severely wounded, paralysed, 100% to hit)
The magic dart hits Natasha.
Natasha is lightly wounded.
Malevolent energies surge around you.
The cerulean imp hits you from afar with a +0 spear.
Natasha claws you.
* * * LOW HITPOINT WARNING * * *
Casting: Magic Dart (safe; 14% risk of failure)
Confirm with . or Enter, or press ? or * to list all spells.
Aiming: Magic Dart (safe; 14% risk of failure)
Press: ? - help, Shift-Dir - straight line, f/p - hobgoblin
Aim: a hobgoblin (severely wounded, paralysed, 100% to hit)
The magic dart hits Natasha.
Natasha is moderately wounded.
Malevolent energies surge around you.
Natasha suddenly stops moving!
The cerulean imp barely misses you.
The helpless Natasha fails to defend herself.
You hit Natasha.
Natasha is severely wounded.
The hobgoblin is no longer paralysed.
The cerulean imp hits you from afar with a +0 spear.
* * * LOW HITPOINT WARNING * * *
Unknown command.
The helpless Natasha fails to defend herself.
You hit Natasha.
Natasha is almost dead.
The cerulean imp hits you from afar with a +0 spear.
You die...

#. #. .. .# #.
#. #.# .. #.g##
. #g5#.# #h#.#
#@..# #.###
#..## #..!##
#.#..# #.##.# #
..##<# ..
...##†## ..
.....#....###.#


You could see Natasha (paralysed), a cerulean imp (summoned) and 2 hobgoblins.

Vanquished Creatures
  A worm (D:1)
  2 ball pythons (D:1)
  3 bats (D:1)
  5 endoplasms
  A giant cockroach (D:1)
  A hobgoblin (D:2)
  4 jackals (D:1)
  2 quokkas (D:1)
  A kobold (D:1)
  3 rats (D:1)
  A spectral goblin (D:1)
24 creatures vanquished.

Notes
Turn   | Place    | Note
-------+----------+-------------------------------------------
     0 | D:1      | bpung the Demonspawn Hedge Wizard began the quest for the
                  | Orb.
     0 | D:1      | Reached XP level 1. HP: 13/13 MP: 4/4
     2 | D:1      | Learned a level 1 spell: Slow
   123 | D:1      | Reached skill level 1 in Translocations
   263 | D:1      | Gained mutation: Spells you cast may paralyse adjacent
                  | enemies. [demonic ancestry]
   263 | D:1      | Reached XP level 2. HP: 19/19 MP: 0/6
   270 | D:1      | Got the Book of the Serac and Silt
   274 | D:1      | Learned a level 2 spell: Call Imp
   276 | D:1      | Learned a level 1 spell: Freeze
   599 | D:1      | Found a faded altar of an unknown god.
  1003 | D:1      | Gained mutation: You have hidden genetic potential. [potion
                  | of mutation]
  1003 | D:1      | Gained mutation: Your flesh is heat resistant. (rF+)
                  | [potion of mutation]
  1003 | D:1      | Gained mutation: Your spells are a little harder to cast,
                  | but a little more powerful. [potion of mutation]
  1552 | D:1      | Reached XP level 3. HP: 16/24 MP: 1/7
  1619 | D:2      | Noticed Natasha
  1628 | D:2      | HP: 1/24 [cerulean imp/+0 spear[Natasha] (5)]
  1629 | D:2      | Slain by a cerulean imp

Illustrated notes

Levels and vault maps discovered:
D:1:      psy_arrival_terrarium, layout_basic,
          dreamdust_ecumenical_altar_drowned_temple
D:2:      layout_rooms, uniq_natasha, uniq_crazy_yiuf_cottage, uniq_sigmund

Skill      XL: |  1  2 |
---------------+-------+-----
Translocations | 1 |  1.1
Stealth        | 2 |  2.0
Dodging        | 2 |  2.0
Spellcasting   | |  3.3
Conjurations   | |  1.2
Summonings     | |  1.4
Ice Magic      | |  0.3

Action                     || total
---------------------------++-------
  Melee: Dagger            ||    54
   Cast: Magic Dart        ||    59
         Slow              ||     1
         Freeze            ||     1
         Call Imp          ||     1
    Use: Scroll            ||     1
         Potion            ||     1
   Stab: Paralysed         ||    10
 Armour: Robe              ||    13
  Dodge: Dodged            ||    56
